Map: Chantier naval orbital

Players

durzogavin - Winner!

  • Race: Zerg Zerg

AgCl

  • Race: Protoss Protoss

VOD

Have the link to the VOD?

Description

Time

  • Played on: May 10, 2015, 8:01 p.m.
  • Length: 7:58
Show
View Real Time Build Order
Export as new Build Order

durzogavin Zerg - Winner!

Build Orders: Hatch First 

Get SALT Encoding   

  12  0:01  Drone  
  13  0:08  Drone  
  14  0:35  Hatchery  
  13  0:38  Drone  
  14  0:55  Spawning Pool  
  13  1:01  Overlord  
  13  1:06  Drone  
  14  1:12  Extractor  
  14  1:13  Drone  
  14  1:20  Drone  
  15  1:28  Drone  
  16  1:43  Drone  
  16  1:44  Queen  
  16  1:47  Drone x2  
  21  1:55  Drone  
  21  1:58  Drone  
  23  2:04  Queen  
  23  2:07  Drone  
  26  2:18  Drone x2  
  26  2:22  Metabolic Boost  
  28  2:29  Overlord  
  28  2:50  Hatchery  
  27  2:53  Drone  
  27  2:54  Drone x3  
  31  3:00  Drone x2  
  33  3:06  Drone  
  33  3:08  Overlord  
  34  3:16  Evolution Chamber, Drone x2  
  35  3:27  Drone x2  
  35  3:28  Drone x2, Zergling x2  
  40  3:36  Queen  
  42  3:42  Extractor  
  42  3:43  Zerg Melee Weapons Level 1  
  41  3:52  Zergling x6  
  41  3:53  Overlord  
  41  3:54  Overlord  
  41  3:55  Overlord  
  44  4:04  Drone x2  
  44  4:05  Drone x2  
  44  4:08  Zergling x4  
  50  4:17  Lair  
  50  4:19  Zergling x8  
  50  4:20  Zergling x2  
  56  4:24  Drone x3  
  56  4:30  Extractor  
  56  4:31  Drone, Extractor  
  58  4:35  Drone x5  
  57  4:56  Queen  
  57  4:59  Drone x3  
  63  5:00  Drone x2, Zergling x4  
  63  5:01  Overlord x2, Zergling x2  
  63  5:02  Overlord  
  67  5:15  Zergling x2  
  67  5:16  Zergling x6  
  71  5:32  Drone x2  
  71  5:33  Zergling x4  
  71  5:34  Overlord x2, Zergling x6  
  71  5:35  Overlord  
  78  5:39  Drone x3  
  81  5:45  Zerg Ground Armor Level 1  
  81  5:46  Spire  
  73  6:17  Zergling x4  
  73  6:18  Zergling x20  
  80  6:23  Drone x2  
  80  6:24  Spore Crawler  
  80  6:25  Spore Crawler  
  77  6:31  Zergling x4  
  77  6:32  Zergling x6  
  74  7:02  Corruptor x4  
  74  7:03  Corruptor x5  
  74  7:04  Mutalisk  
  94  7:10  Zergling x6  
  94  7:11  Zergling x2  
  97  7:27  Mutalisk x3  
  101  7:37  Extractor  
  101  7:39  Extractor  
Show
View Real Time Build Order
Export as new Build Order

AgCl Protoss 

Build Orders: Oracle Opening, Oracle Opening, Carrier Rush 

Get SALT Encoding   

  12  0:22  Pylon  
  12  0:27  Probe, Assimilator  
  13  0:39  Probe (Chrono Boost)  
  14  0:45  Pylon  
  14  0:52  Probe (Chrono Boost)  
  15  1:00  Probe (Chrono Boost)  
  16  1:05  Gateway  
  16  1:09  Probe  
  17  1:16  Assimilator  
  17  1:21  Probe (Chrono Boost)  
  19  1:32  Probe (Chrono Boost)  
  19  1:39  Probe (Chrono Boost)  
  20  1:54  Cybernetics Core  
  20  1:56  Probe (Chrono Boost)  
  21  2:07  Probe (Chrono Boost)  
  22  2:13  Probe  
  23  2:19  Nexus  
  23  2:25  Probe  
  24  2:36  Stargate  
  24  2:37  Probe  
  24  2:42  Pylon  
  25  2:50  Probe  
  26  3:02  Probe  
  27  3:14  Probe  
  27  3:17  Pylon  
  28  3:20  Oracle (Chrono Boost)  
  28  3:23  Warp Gate  
  28  3:26  Mothership Core (Chrono Boost)  
  33  3:33  Assimilator  
  33  3:35  Fleet Beacon  
  33  3:39  Probe (Chrono Boost)  
  34  3:46  Probe (Chrono Boost)  
  36  3:48  Probe (Chrono Boost)  
  36  3:54  Probe (Chrono Boost)  
  38  3:56  Probe (Chrono Boost)  
  38  4:01  Pylon  
  38  4:02  Probe, Assimilator  
  39  4:06  Probe  
  40  4:10  Pylon  
  40  4:13  Carrier (Chrono Boost)  
  40  4:14  Probe (Chrono Boost)  
  41  4:23  Probe (Chrono Boost)  
  43  4:26  Probe (Chrono Boost)  
  44  4:32  Probe x2 (Chrono Boost)  
  51  4:43  Probe x2 (Chrono Boost)  
  53  4:55  Probe (Chrono Boost)  
  55  5:00  Probe (Chrono Boost)  
  55  5:03  Probe (Chrono Boost)  
  56  5:09  Nexus  
  56  5:10  Carrier (Chrono Boost)  
  56  5:13  Assimilator  
  56  5:16  Pylon  
  56  5:17  Probe (Chrono Boost), Protoss Air Weapons Level 1  
  56  5:18  Probe (Chrono Boost)  
  56  5:20  Assimilator  
  64  5:29  Probe (Chrono Boost)  
  66  5:36  Probe (Chrono Boost)  
  66  5:39  Probe (Chrono Boost)  
  68  5:42  Probe (Chrono Boost)  
  68  5:44  Graviton Catapult (Chrono Boost)  
  68  5:45  Forge  
  68  5:46  Probe  
  69  6:07  Carrier (Chrono Boost)  
  67  6:13  Probe (Chrono Boost)  
  51  6:20  Probe (Chrono Boost)  
  50  6:26  Photon Cannon  
  50  6:28  Probe (Chrono Boost), Pylon  
  50  6:31  Probe (Chrono Boost)  
  50  6:32  Probe (Chrono Boost)  
  57  6:37  Probe (Chrono Boost)  
  60  6:42  Probe (Chrono Boost)  
  60  6:43  Probe (Chrono Boost)  
  60  6:44  Adept  
  61  6:50  Probe (Chrono Boost)  
  61  6:52  Probe (Chrono Boost)  
  61  6:54  Probe (Chrono Boost)  
  64  7:00  Probe (Chrono Boost)  
  64  7:01  Probe (Chrono Boost)  
  67  7:02  Probe (Chrono Boost)  
  67  7:04  Photon Cannon  
  70  7:09  Probe (Chrono Boost)  
  70  7:11  Probe x2 (Chrono Boost)  
  70  7:15  Probe  
  71  7:17  Pylon  
  71  7:18  Probe  
  71  7:19  Probe  
  71  7:21  Sentry  
Tags
 
Add a new tag
Caveats
  • Supply blocks, unpowered buildings, or Contaminate may cause inaccurate times.
  • Supply counts are checked every 10 seconds.